 Dungeon Crawl Stone Soup version 0.24.0-123-gd5b16e6ec5 (webtiles) character file.

Game seed: 7257450895209117890, levelgen mode: deterministic

2178626 fritzmikael the Petrodigitator (level 27, 190/190 HPs)
             Began as a Gargoyle Earth Elementalist on Feb 2, 2020.
             Was a Follower of Uskayaw.
             Escaped with the Orb
             ... and 4 runes on Feb 3, 2020!
             The game lasted 07:46:36 (89576 turns).

fritzmikael the Petrodigitator (GrEE)              Turns: 89576, Time: 07:46:37

Health: 190/190    AC: 51    Str: 18    XL:     27
Magic:  15/42      EV: 24    Int: 36    God:    Uskayaw [*.....]
Gold:   4145       SH: 22    Dex: 10    Spells: 21/66 levels left

rFire    + + .     SeeInvis +   Z - +8 arc blade {discharge, rElec}
rCold    . . .     Gourm    .   H - +5 shield {reflect}
rNeg     + . .     Faith    .   v - +6 scale mail of Resilience {*Drain rF++ SInv}
rPois    ∞         Spirit   .   U - +0 hat "Nydakeno" {Regen+ Int+4 Slay+2 Stlth-}
rElec    +         Reflect  +   Q - +2 cloak of the Alphagorgon {+Inv}
rCorr    .         Harm     .   W - +2 pair of gloves {archery}
MR       ++...     Clarity  +   h - +2 pair of boots
Stlth    ++........             f - +4 amulet of reflection (curse)
HPRegen  0.81/turn              g - ring of Pilute Cuo {rPois Str+4 Int+3 Stlth+}
MPRegen  0.28/turn              P - ring of Phasing {EV+8}

@: flying, studying Stealth
A: big wings, hooves 1, horns 2, clarity, clever 1, low mp 1, mutation
resistance 1, negative energy resistance 1, screaming 1, electricity resistance,
unbreathing, petrification resistance, rot immunity, subdued magic 1, AC +20
0: Orb of Zot
}: 4/15 runes: barnacled, slimy, silver, gossamer
a: Stop Flying, Stomp, Renounce Religion, Evoke Invisibility


You escaped.
You worshipped Uskayaw.
Uskayaw was pleased with you.
You were not hungry.

You visited 13 branches of the dungeon, and saw 56 of its levels.
You visited the Abyss 1 time.
You visited 2 bazaars.
You visited 1 ziggurat, and saw 17 of its levels.
You also visited: Bailey, Ice Cave and Volcano.

You collected 10100 gold pieces.
You spent 5955 gold pieces at shops.

Inventory:

Hand Weapons
 a - a +9 quick blade of flaming
 Z - the +8 arc blade (weapon) {discharge, rElec}
   (You found it on level 4 of the Realm of Zot)

   It insulates you from electricity.
Missiles
 b - 1299 stones
 e - 25 silver javelins (quivered)
Armour
 h - a +2 pair of boots (worn)
 v - the +6 scale mail of Resilience (worn) {*Drain rF++ SInv}
   (You found it on level 6 of the Lair of Beasts)

   It greatly protects you from fire.
   It lets you see invisible.
   It causes draining when unequipped.
 H - a +5 shield of reflection (worn)
 N - the +1 hat of Uxeggyj {rCorr Stlth+}
   (You acquired it on level 5 of the Pits of Slime)

   It provides partial protection from all sources of acid and corrosion.
   It makes you more stealthy.
 Q - the +2 cloak of the Alphagorgon (worn) {+Inv}
   (You found it on level 1 of the Depths)

   It lets you turn invisible.
 U - the +0 hat "Nydakeno" (worn) {Regen+ Int+4 Slay+2 Stlth-}
   (You acquired it on level 5 of the Vaults)

   It affects your intelligence (+4).
   It affects your accuracy and damage with ranged weapons and melee attacks
   (+2).
   It increases your rate of regeneration.
   It makes you less stealthy.
 W - a +2 pair of gloves of archery (worn)
Magical Staves
 y - an uncursed staff of energy
Jewellery
 f - a cursed +4 amulet of reflection (around neck)
 g - the ring of Pilute Cuo (left hand) {rPois Str+4 Int+3 Stlth+}
   (You bought it in a shop in a bazaar)

   [ring of stealth]

   It affects your strength (+4).
   It affects your intelligence (+3).
   It protects you from poison.
   It makes you more stealthy.
 i - an uncursed ring of see invisible
 x - the ring "Festril" {rC+ Str+2}
   (You found it on level 2 of the Depths)

   [ring of strength]

   It affects your strength (+2).
   It protects you from cold.
 A - an uncursed ring of magical power
 J - an uncursed amulet of regeneration
 P - the ring of Phasing (right hand) {EV+8}
   (You acquired it on level 4 of the Vaults)

   [ring of evasion]

   It affects your evasion (+8).
Wands
 M - a wand of digging (19)
 X - a wand of clouds (4)
Scrolls
 j - 36 scrolls of remove curse
 n - 5 scrolls of magic mapping
 r - a scroll of silence
 w - 4 scrolls of holy word
 C - 2 scrolls of summoning
 D - 17 scrolls of teleportation
 G - 6 scrolls of fear
 I - 9 scrolls of fog
 K - 12 scrolls of identify
 L - 13 scrolls of amnesia
 O - 8 scrolls of enchant armour
 Y - 8 scrolls of blinking
Potions
 c - 2 potions of cancellation
 k - 17 potions of curing
 l - 8 potions of brilliance
 m - 8 potions of heal wounds
 o - 12 potions of might
 q - 4 potions of berserk rage
 u - 6 potions of resistance
 z - 4 potions of haste
 B - 8 potions of invisibility
 E - 3 potions of ambrosia
 F - 12 potions of mutation
 R - a potion of magic
 S - 4 potions of agility
Books
 t - a manual of Stealth
Miscellaneous
 p - a lamp of fire
 s - a crystal ball of energy
 V - the horn of Geryon
Comestibles
 d - 69 rations
 T - a chunk of flesh


   Skills:
 + Level 24.3 Fighting
 - Level 14.0 Short Blades
 + Level 23.5 Armour
 + Level 13.7 Dodging
 + Level 16.0 Stealth
 - Level 15.0 Shields
 + Level 20.0 Spellcasting
 - Level 12.2 Conjurations
 - Level 3.0 Charms
 - Level 12.8 Translocations
 - Level 1.0 Transmutations
 O Level 27 Earth Magic
 + Level 13.9 Invocations
 - Level 10.0 Evocations


You had 21 spell levels left.
You knew the following spells:

 Your Spells              Type           Power        Failure   Level  Hunger
a - Sandblast             Erth           ######       0%          1    None
b - Stone Arrow           Conj/Erth      ######       0%          3    None
c - Lee's Rapid Deconstr  Erth           ########..   0%          5    None
d - Petrify               Tmut/Erth      #######.     1%          4    None
e - Passwall              Tmut/Erth      #######.     0%          2    None
f - Iron Shot             Conj/Erth      #######...   1%          6    None
g - Regeneration          Chrm/Necr      #####.....   1%          3    None
h - Blink                 Tloc           N/A          0%          2    None
i - Shroud of Golubria    Chrm/Tloc      ######       1%          2    None
j - Shatter               Erth           ########..   1%          9    #####..
k - Lehudib's Crystal Sp  Conj/Erth      #######...   2%          8    ####...

Your spell library contained the following spells:

 Spells                   Type           Power        Failure   Level  Hunger
 Apportation              Tloc           ######       0%          1    None
 Magic Dart               Conj           ####         0%          1    None
 Gell's Gravitas          Tloc           #######...   0%          3    None
 Lesser Beckoning         Tloc           #######...   0%          3    None
 Teleport Other           Tloc           #######.     0%          3    None
 Animate Skeleton         Necr           N/A          1%          1    None
 Beastly Appendage        Tmut           ####..       1%          1    None
 Confusing Touch          Hex            ####..       1%          1    None
 Corona                   Hex            ####...      1%          1    None
 Flame Tongue             Conj/Fire      #####        1%          1    None
 Freeze                   Ice            ####         1%          1    None
 Infusion                 Chrm           ####         1%          1    None
 Pain                     Necr           ####         1%          1    None
 Sting                    Conj/Pois      ####         1%          1    None
 Summon Butterflies       Summ           ####....     1%          1    None
 Summon Small Mammal      Summ           ####         1%          1    None
 Call Imp                 Summ           ####....     1%          2    None
 Corpse Rot               Necr           N/A          1%          2    None
 Ensorcelled Hibernation  Hex/Ice        ####..       1%          2    None
 Poisonous Vapours        Pois/Air       ####..       1%          2    None
 Slow                     Hex            ####....     1%          2    None
 Song of Slaying          Chrm           #####...     1%          2    None
 Swiftness                Chrm/Air       #####...     1%          2    None
 Throw Flame              Conj/Fire      ######       1%          2    None
 Throw Frost              Conj/Ice       ######       1%          2    None
 Conjure Flame            Conj/Fire      ######..     1%          3    None
 Dazzling Spray           Conj/Hex       ######       1%          3    None
 Mephitic Cloud           Conj/Pois/Air  ######..     1%          3    None
 Ozocubu's Armour         Chrm/Ice       #####...     1%          3    None
 Recall                   Summ/Tloc      N/A          1%          3    None
 Spectral Weapon          Hex/Chrm       #####...     1%          3    None
 Static Discharge         Conj/Air       ######..     1%          3    None
 Force Lance              Conj/Tloc      #######.     1%          4    None
 Leda's Liquefaction      Hex/Erth       #######...   1%          4    None
 Sticky Flame             Conj/Fire      ######..     1%          4    None
 Throw Icicle             Conj/Ice       ######..     1%          4    None
 Bolt of Magma            Conj/Fire/Erth #######...   1%          5    None
 Borgnjor's Vile Clutch   Necr/Erth      #######...   1%          5    None
 Irradiate                Conj/Tmut      ######....   1%          5    None
 Iskenderun's Battlesphe  Conj/Chrm      ######..     1%          5    None
 Ignite Poison            Fire/Tmut/Pois ####....     2%          3    None
 Spider Form              Tmut/Pois      ####......   2%          3    None
 Fireball                 Conj/Fire      ######....   2%          5    None
 Lightning Bolt           Conj/Air       ######....   2%          5    None
 Venom Bolt               Conj/Pois      ######....   2%          5    None
 Call Canine Familiar     Summ           ####....     3%          3    None
 Confuse                  Hex            ####....     3%          3    None
 Inner Flame              Hex/Fire       ####....     3%          3    None
 Summon Guardian Golem    Hex/Summ       ####....     3%          3    None
 Tukima's Dance           Hex            ####....     3%          3    None
 Vampiric Draining        Necr           ####......   3%          3    None
 Orb of Destruction       Conj           #######...   7%          7    None
 Animate Dead             Necr           N/A          12%         4    None
 Cause Fear               Hex            ####......   12%         4    None
 Olgreb's Toxic Radiance  Pois           ####....     12%         4    None
 Summon Ice Beast         Ice/Summ       ####....     12%         4    None
 Summon Lightning Spire   Summ/Air       ####....     12%         4    None
 Bolt of Fire             Conj/Fire      ######....   16%         6    None
 Conjure Ball Lightning   Conj/Air       ######....   16%         6    None
 Poison Arrow             Conj/Pois      ######....   16%         6    None
 Alistair's Intoxication  Tmut/Pois      ####....     28%         5    None
 Yara's Violent Unravell  Hex/Tmut       ####......   28%         5    None
 Dispel Undead            Necr           ####....     34%         5    None
 Metabolic Englaciation   Hex/Ice        ####......   34%         5    None
 Silence                  Hex/Air        ####......   34%         5    None
 Summon Demon             Summ           ####......   34%         5    None
 Summon Mana Viper        Hex/Summ       ####....     34%         5    None
 Malign Gateway           Summ/Tloc      ######....   61%         7    None
 Spellforged Servitor     Conj/Summ      ######....   67%         7    None
 Deflect Missiles         Chrm/Air       #####.....   73%         6    None
 Hydra Form               Tmut           ####......   80%         6    None
 Darkness                 Hex            ####......   90%         6    None
 Death Channel            Necr           ####......   90%         6    None
 Invisibility             Hex            ####....     90%         6    None
 Simulacrum               Ice/Necr       ####......   90%         6    None
 Ring of Flames           Chrm/Fire      #####.....   99%         7    None
 Dragon Form              Tmut           ####......   100%        7    None
 Monstrous Menagerie      Summ           ####......   100%        7    None
 Summon Greater Demon     Summ           ####......   100%        7    None
 Summon Hydra             Summ           ####......   100%        7    None
 Chain Lightning          Conj/Air       ######....   100%        8    ####...
 Ignition                 Fire           ####......   100%        8    ####...
 Summon Horrible Things   Summ           ####......   100%        8    ####...
 Dragon's Call            Summ           ####......   100%        9    #####..
 Fire Storm               Conj/Fire      ######....   100%        9    #####..
 Glaciate                 Conj/Ice       ######....   100%        9    #####..
 Tornado                  Air            ####......   100%        9    #####..
 Sublimation of Blood     Necr           Unusable     N/A         2    N/A
 Passage of Golubria      Tloc           Unusable     N/A         4    N/A
 Statue Form              Tmut/Erth      Unusable     N/A         6    N/A

Dungeon Overview and Level Annotations

Branches:
Dungeon (15/15)            Temple (1/1) D:4            Lair (6/6) D:11
 Shoals (4/4) Lair:4       Spider (4/4) Lair:4        Slime (5/5) Lair:6
    Orc (2/2) D:12            Elf (2/3) Orc:2        Vaults (5/5) D:14
  Crypt (0/3) Vaults:2     Depths (5/5) D:15           Hell (visited)
    Dis (1/7) Hell            Geh (0/7) Hell            Coc (0/7) Hell
    Tar (0/7) Hell            Zot (5/5) Depths:5     Bailey (visited)
  IceCv (visited)         Volcano (visited)

Altars:
Ashenzari
Cheibriados
Dithmenos
Elyvilon
Fedhas
Gozag
Hepliaklqana
Kikubaaqudgha
Makhleb
Nemelex Xobeh
Okawaru
Qazlal
Ru
Sif Muna
Trog
Uskayaw
Vehumet
Wu Jian
Xom
Yredelemnul
Zin
The Shining One
Beogh
Jiyva

Shops:
D:6 !   D:11 (   D:12 [   Orc:2 [*(:   Elf:2 *   Shoals:2 :   Depths:1 ??}**
Depths:4 ?

Portals:
Hell: Depths:1 Depths:2 Depths:3 Depths:4 Depths:5
Abyss: Depths:4
Pandemonium: Depths:3 Depths:5


Innate Abilities, Weirdness & Mutations

You are resistant to torment.
Your stone body is resilient. (AC +20)
You are immune to poison.
Your large and strong wings let you fly indefinitely.
You resist negative energy. (rN+)
You are resistant to electric shocks. (rElec)
You can survive without breathing.
You are immune to petrification.
You are immune to rotting.
You have large cloven feet.
You have a pair of horns on your head.
You possess an exceptional clarity of mind.
Your mind is acute. (Int +2)
Your magical capacity is low. (-10% MP)
You are somewhat resistant to further mutation.
You occasionally shout uncontrollably at your foes.
Your spells are a little easier to cast, but a little less powerful.


Message History

Press: ? - help, Shift-Dir - straight line, f - angel
Aim: an angel, wielding a +1 whip of holy wrath and wearing a +0 robe (black smoke, lava, moderately wounded, haloed)
The crystal spear hits the angel!!!
The angel is severely wounded.
You can now pass through a line of other dancers.
Casting: Lehudib's Crystal Spear (safe; 2% risk of failure)
Confirm with . or Enter, or press ? or * to list all spells.
Aiming: Lehudib's Crystal Spear (safe; 2% risk of failure)
Press: ? - help, Shift-Dir - straight line, f/p - angel
Aim: an angel, wielding a +1 whip of holy wrath and wearing a +0 robe (black smoke, lava, severely wounded, haloed)
The crystal spear hits the angel!!!
You kill the angel!
You hear a sizzling splash. x2
There is a staircase leading out of the dungeon here.
A cacodemon comes into view.
The cacodemon shouts!
You can no longer pass through a line of other dancers.
There is a staircase leading out of the dungeon here.
You can't go down here!
You have escaped!

#.# #.# ######...##### ###
#.# #.# #.# ##§≈≈..§≈###
#######.# #.#
#.#####§§≈≈..≈§≈≈###.......#
#.#
#...##≈§≈#≈§.§#≈≈≈##########
#.# ######§≈§§≈..≈≈§≈≈. #.#
#§≈≈§≈≈§.≈≈≈≈§§# #.#
#≈≈≈≈≈#...§§≈≈≈# #.#
.≈≈.≈≈#..#≈≈#≈≈ #.#
.§≈≈§≈#@.#≈§≈≈≈ #.#
.≈≈≈≈≈##§#≈≈≈≈≈ #.####
#§≈§≈≈≈§§§§≈§≈≈ #....#
##≈§#≈≈≈≈≈≈#§≈# ####.#
§≈≈§§≈≈§≈§ #.# #≈2≈§§≈≈§§§#
#.# ###≈ §≈≈§### #.# ####
####### ### #.# #.# ####.#
##.###


There were no monsters in sight!

Vanquished Creatures
  the Royal Jelly (Slime:5)
  An ancient lich (Vaults:5)
  3 orbs of fire (Zot:5)
  3 juggernauts
  Mennas (Depths:5)
  3 greater mummies (Zig:17)
  Bai Suzhen (Spider:4)
  The ghost of Lasheajeut the Brawler, a veteran NaFi of Cheibriados (Depths:1)
  Margery (Depths:2)
  A pandemonium lord (Zig:13)
  6 Killer Klowns
  2 curse toes (Zot:5)
  Nikola (Spider:1)
  Geryon (Hell)
  A caustic shrike (Depths:2)
  16 golden dragons
  7 bone dragons
  the Enchantress (D:15)
  2 profane servitors
  2 hellephants
  A Tzitzimitl (Zig:6)
  An iron giant (Zot:5)
  3 electric golems
  27 tentacled monstrosities
  3 Hell Sentinels
  25 Orb Guardians
  Jorgrun (D:15)
  2 Ice Fiends (Zig:13)
  Rupert (Lair:4)
  4 titans
  A deep elf blademaster (Elf:2)
  9 quicksilver dragons
  7 liches
  2 krakens
  Asterion (Elf:2)
  Murray (Hell)
  Polyphemus (Shoals:2)
  22 acid blobs
  5 sphinxes
  2 tentacled starspawn (Abyss:3)
  14 death cobs
  3 Executioners
  Gastronok (D:10)
  9 ancient champions
  21 storm dragons
  9 tengu reavers
  Agnes (Elf:1)
  7 draconian monks
  15 shadow dragons
  Ilsuiw (Shoals:2)
  Donald (Vaults:1)
  14 revenants
  Roxanne (Elf:1)
  10 azure jellies
  The ghost of Gall2222 the Brawler, a journeyman TrFi of Fedhas (Spider:2)
  13 fire giants
  5 draconian knights
  18 vault wardens
  11 draconian scorchers
  A black sun (Zig:13)
  3 deep elf sorcerers
  10 frost giants
  4 emperor scorpions
  4 ghost moths
  2 warmongers
  2 balrugs
  An angel (D:1)
  The ghost of Ahonude the Brawler, a journeyman TrMo of Qazlal (D:13)
  An iron dragon (Vaults:5)
  5 draconian shifters
  5 cacodemons
  5 draconian stormcallers
  3 ghouls
  2 deep elf elementalists (Vaults:5)
  A juggernaut zombie (Zig:17)
  17 ironheart preservers
  26 very ugly things
  A caustic shrike skeleton (Depths:1)
  2 curse skulls
  4 draconian annihilators
  3 war gargoyles
  14 reapers
  7 spriggan defenders
  2 blood saints
  22 stone giants
  8 entropy weavers
  9 vampire knights
  5 black draconians
  2 corrupters (Zig:13)
  Azrael (Lair:4)
  16 green draconians
  4 deep elf demonologists
  7 yellow draconians
  An entropy weaver (shapeshifter) (Depths:1)
  6 purple draconians
  A lorocyproca (Zig:13)
  13 white draconians
  5 dire elephants (Depths:3)
  3 deep elf annihilators
  The ghost of Johnny the Geomancer, a journeyman DgEE (D:11)
  14 ettins
  5 spark wasps
  8 red draconians
  7 blizzard demons
  2 green deaths
  7 merfolk javelineers
  A quicksilver dragon zombie (Hell)
  9 death oozes (Slime:5)
  8 merfolk impalers
  8 deep elf death magi
  13 great orbs of eyes
  8 eidola
  A jiangshi (Zig:16)
  14 fire dragons
  23 yaktaur captains
  A fire dragon (shapeshifter) (Vaults:5)
  7 rakshasas
  The ghost of Coapp the Martial Artist, a journeyman OpTm of Sif Muna (Lair:4)
  A deep elf high priest (Elf:1)
  44 vault guards
  7 mummy priests
  A great orb of eyes (shapeshifter) (Depths:2)
  A monstrous demonspawn (D:6)
  14 ice dragons
  7 hydras
  A hell beast (Zig:13)
  A kraken zombie (Hell)
  A hydra (shapeshifter) (Depths:1)
  40 two-headed ogres
  2 catoblepae
  Harold (D:8)
  4 death knights
  6 merfolk aquamancers
  2 alligator snapping turtles (Zig:11)
  12 centaur warriors
  3 merfolk avatars
  6 satyrs
  8 spriggan air magi
  12 dancing weapons
  7 deep troll shamans
  9 tengu warriors
  3 hell hogs (Dis:1)
  3 death yaks (Shoals:2)
  9 orc high priests
  3 thrashing horrors
  10 deep troll earth magi
  2 iron golems
  15 ogre magi
  2 spriggan berserkers
  5 vampire magi
  A shock serpent (Zig:3)
  10 soul eaters
  A titan zombie (Zig:17)
  6 sun demons
  21 large abominations
  Sonja (Orc:1)
  27 deep elf knights
  22 hell knights
  A wretched star (Zig:10)
  A storm dragon skeleton (Hell)
  14 skeletal warriors
  3 sixfirhies
  4 shadow wraiths
  7 iron trolls
  3 anaconda zombies
  A golden dragon zombie (Hell)
  A spatial maelstrom (Zig:10)
  A death drake (Abyss:3)
  34 deep trolls
  14 sea snakes
  2 starcursed masses (Abyss:3)
  A quicksilver dragon simulacrum (Zig:10)
  5 unseen horrors
  8 glowing orange brains
  A deep troll (shapeshifter) (Depths:5)
  2 glowing orange brains (shapeshifter)
  A torturous demonspawn (D:15)
  An infernal demonspawn (Depths:3)
  A death drake (shapeshifter) (Depths:5)
  A shadow demon (Zig:9)
  14 deep elf archers
  2 orange crystal statues (Zig:8)
  5 wizards
  16 necromancers
  An obsidian statue (Zig:8)
  18 harpies
  A swamp dragon (Zig:5)
  5 anaconda skeletons
  10 flayed ghosts
  18 ironbrand convokers
  A shadow dragon zombie (Dis:1)
  21 wolf spiders
  11 phantasmal warriors
  2 harpies (shapeshifter)
  4 fire giant zombies
  11 orb spiders
  A mana viper (shapeshifter) (Depths:3)
  20 orc knights
  A wolf spider zombie (Dis:1)
  3 frost giant zombies
  66 deep elf magi
  2 shadow dragon skeletons
  9 cyclopes
  An orb spider (shapeshifter) (Vaults:1)
  8 orc sorcerers
  A wolf spider (shapeshifter) (Vaults:1)
  A worldbinder (Abyss:3)
  16 ugly things
  31 fauns
  11 shining eyes
  A shock serpent zombie (Dis:1)
  A sphinx skeleton (Zig:8)
  17 merfolk sirens
  2 centaur zombies
  A toenail golem (Depths:5)
  15 manticores
  26 moths of wrath
  Maurice (Orc:1)
  2 dire elephant zombies (Dis:1)
  9 rust devils
  8 black mambas
  17 vault sentinels
  19 elephants
  A water nymph (shapeshifter) (Depths:2)
  3 apocalypse crabs (Zig:9)
  A titan simulacrum (Vaults:3)
  A fire giant skeleton (Hell)
  A torpor snail (shapeshifter) (Vaults:5)
  8 water nymphs
  12 smoke demons
  4 ice statues
  A torpor snail (Spider:2)
  7 eyes of devastation
  7 gargoyles
  28 spiny frogs
  4 orange demons
  A spriggan zombie (Depths:1)
  4 yaktaur zombies
  55 yaktaurs
  8 freezing wraiths
  3 rime drakes
  A yaktaur (shapeshifter) (Depths:1)
  16 tormentors
  8 demonic crawlers
  5 hellions
  2 kobold demonologists
  2 rime drakes (shapeshifter)
  An anaconda simulacrum (IceCv)
  2 efreet (Abyss:3)
  3 tengu conjurers
  2 hellwings (D:6)
  11 komodo dragons
  15 ice devils
  4 ancient zymes
  3 golden dragon simulacra
  7 guardian mummies
  29 merfolk
  2 red devils
  A merfolk (shapeshifter) (Vaults:3)
  4 trolls
  A troll (shapeshifter) (Depths:1)
  4 meliai
  A queen bee (Spider:1)
  6 wind drakes
  20 jumping spiders
  19 hornets
  A hydra zombie (Hell)
  3 polar bears
  3 jumping spiders (shapeshifter)
  3 tyrant leeches (Lair:6)
  A wind drake (shapeshifter) (Vaults:3)
  14 snapping turtles
  2 ettin zombies
  A hydra skeleton (Dis:1)
  A hornet (shapeshifter) (Depths:3)
  2 harpy skeletons (Volcano)
  120 slime creatures
  A slime creature (shapeshifter) (Zig:9)
  A dream sheep (shapeshifter) (Vaults:2)
  An alligator zombie (Dis:1)
  A meliai zombie (D:15)
  A fire giant simulacrum (Vaults:3)
  30 blink frogs
  12 hippogriffs
  9 dream sheep
  11 raiju
  A deep troll zombie (Hell)
  4 ice dragon zombies
  3 spriggan skeletons
  22 flying skulls
  2 alligator skeletons (Hell)
  20 tarantellas
  70 redbacks
  7 water elementals
  An air elemental (Elf:1)
  2 tarantellas (shapeshifter)
  5 spriggans
  A basilisk (D:11)
  38 yaks
  A yak (shapeshifter) (Vaults:4)
  3 vampires
  2 wyverns (D:11)
  3 ynoxinuls
  3 shadows
  A spriggan simulacrum (Zig:17)
  A dire elephant simulacrum (IceCv)
  A human (shapeshifter) (Elf:1)
  A human (D:8)
  2 fire bats (shapeshifter)
  7 ushabtiu (Zig:17)
  6 wraiths
  A golden eye (shapeshifter) (Vaults:4)
  9 golden eyes
  A neqoxec (Abyss:3)
  15 fire elementals
  5 chaos spawn (Depths:4)
  A yaktaur simulacrum (Vaults:3)
  3 steam dragons
  6 vampire mosquitoes (Lair:6)
  4 hungry ghosts
  2 human simulacra
  3 iron troll simulacra (IceCv)
  2 harpy simulacra (IceCv)
  7 wargs
  3 acid dragons
  14 water moccasins
  A soldier ant (D:14)
  10 hell hounds
  6 floating eyes
  A swamp drake (shapeshifter) (Depths:1)
  9 porcupines
  A black bear (D:11)
  4 sky beasts
  A snapping turtle zombie (Dis:1)
  3 spiny frog skeletons (Hell)
  An ettin simulacrum (IceCv)
  An eye of draining (shapeshifter) (Depths:2)
  3 ice beasts
  A swamp dragon zombie (Dis:1)
  56 orc warriors
  5 necrophages
  3 phantoms
  2 boggarts (Elf:1)
  46 ogres
  A swamp drake (D:11)
  A snapping turtle skeleton (Hell)
  8 eyes of draining
  9 wolves
  18 centaurs
  7 big kobolds (D:11)
  16 crocodiles
  33 bullfrogs
  4 elf zombies
  12 small abominations
  A gnoll sergeant (D:9)
  A glowing shapeshifter simulacrum (Vaults:2)
  A yaktaur skeleton (Vaults:1)
  4 elf skeletons
  2 scorpions
  A troll zombie (Dis:1)
  A water moccasin skeleton (D:7)
  A killer bee (shapeshifter) (Depths:1)
  29 killer bees
  A troll skeleton (Volcano)
  4 electric eels
  12 howler monkeys
  17 wights (Dis:1)
  5 crimson imps
  A bullfrog zombie (D:7)
  A quasit (Depths:5)
  3 jellies
  4 iron imps
  19 orc wizards
  A bullfrog skeleton (D:12)
  33 orc priests
  6 hounds
  3 human zombies
  6 iguanas
  6 centaur skeletons
  2 human skeletons
  11 worker ants
  7 hell rats
  2 tengu zombies
  4 naga skeletons (Volcano)
  3 hound skeletons
  12 mummies
  A gnoll (shapeshifter) (Depths:1)
  15 gnolls
  19 adders
  6 river rats (D:6)
  A river rat (shapeshifter) (Depths:1)
  5 shadow imps
  An ufetubus (Abyss:3)
  5 oozes
  A worm (shapeshifter) (Depths:1)
  2 worms
  8 dart slugs
  3 leopard geckos
  140 orcs
  11 bats
  5 giant cockroaches
  10 goblins
  5 hobgoblins
  6 quokkas
  A quokka (shapeshifter) (Depths:1)
  4 frilled lizards
  11 kobolds
  An orc skeleton (D:6)
  3 orc zombies
  A quokka skeleton (D:8)
  17 rats
  A fire vortex (Zig:9)
  3 starspawn tentacles (Abyss:3)
  4 tentacles (Shoals:2)
3140 creatures vanquished.

Vanquished Creatures (collateral kills)
  A fire vortex (Zig:9)
  A plant (Shoals:4)
2 creatures vanquished.

Vanquished Creatures (others)
  A pandemonium lord (Zig:9)
  A vault warden (Vaults:5)
  A cacodemon (Hell)
  2 stone giants
  A yaktaur captain (Depths:5)
  A tengu warrior (Depths:5)
  An ogre mage (Vaults:4)
  A dancing weapon (Elf:2)
  A vault sentinel (Vaults:3)
  An ancient zyme (Zig:10)
  4 yaktaurs
  A jumping spider (Spider:4)
  A flying skull (Volcano)
  A redback (Spider:4)
  An orc warrior (Vaults:5)
  An orc wizard (Depths:2)
  An orc (Depths:2)
  A fire vortex (Zig:9)
  19 fungi
  69 plants
  A starspawn tentacle (Abyss:3)
  77 tentacles
188 creatures vanquished.

Grand Total: 3330 creatures vanquished

Notes
Turn   | Place    | Note
-------+----------+-------------------------------------------
     0 | D:1      | fritzmikael the Gargoyle Earth Elementalist began the quest
                  | for the Orb.
     0 | D:1      | Reached XP level 1. HP: 10/10 MP: 3/3
   171 | D:1      | Reached skill level 1 in Fighting
   171 | D:1      | Reached skill level 4 in Earth Magic
   171 | D:1      | Reached XP level 2. HP: 16/16 MP: 3/5
   713 | D:2      | Reached XP level 3. HP: 21/21 MP: 3/6
  1019 | D:2      | Reached XP level 4. HP: 27/27 MP: 2/7
  1096 | D:2      | Learned a level 3 spell: Stone Arrow
  1224 | D:2      | Reached skill level 5 in Earth Magic
  1396 | D:2      | Reached skill level 1 in Conjurations
  1648 | D:3      | Reached XP level 5. HP: 32/32 MP: 6/8
  1907 | D:3      | Reached skill level 1 in Armour
  2276 | D:4      | Learned a level 5 spell: Lee's Rapid Deconstruction
  2292 | D:4      | Reached XP level 6. HP: 31/37 MP: 7/9
  2365 | D:4      | Noticed a sky beast
  2723 | D:4      | Killed a sky beast
  2723 | D:4      | Reached XP level 7. HP: 43/43 MP: 2/11
  2755 | D:4      | Reached skill level 6 in Earth Magic
  2800 | D:4      | Noticed a hungry ghost
  2813 | D:4      | Killed a hungry ghost
  2939 | D:4      | Found a staircase to the Ecumenical Temple.
  2956 | Temple   | Entered the Ecumenical Temple
  3421 | Temple   | Became a worshipper of Uskayaw the Reveler
  3469 | D:4      | Reached * piety under Uskayaw
  3472 | D:4      | Reached ** piety under Uskayaw
  3550 | D:4      | Reached skill level 1 in Invocations
  3698 | D:4      | Found a sacrificial altar of Ru.
  3910 | D:4      | Found a snail-covered altar of Cheibriados.
  3910 | D:4      | Found a burning altar of Makhleb.
  4173 | D:5      | Entered Level 5 of the Dungeon
  4245 | D:5      | Reached XP level 8. HP: 48/48 MP: 8/13
  4351 | D:5      | Reached skill level 5 in Fighting
  4359 | D:5      | Reached *** piety under Uskayaw
  4465 | D:5      | Found a basalt altar of Yredelemnul.
  4465 | D:5      | Found a glowing golden altar of the Shining One.
  4482 | D:5      | Noticed a profane servitor
  4589 | D:5      | Found a shimmering altar of Xom.
  4597 | D:5      | Reached **** piety under Uskayaw
  4604 | D:5      | Reached ***** piety under Uskayaw
  4619 | D:5      | Reached skill level 7 in Earth Magic
  4785 | D:5      | Noticed an angel
  4839 | D:6      | Noticed a yak
  4842 | D:6      | Noticed a yak
  4842 | D:6      | Noticed a yak
  4868 | D:5      | Killed a yak
  4875 | D:5      | Killed a yak
  4875 | D:5      | Reached skill level 1 in Short Blades
  5081 | D:6      | Reached XP level 9. HP: 36/55 MP: 1/15
  5325 | D:6      | Found Wosimur's Distillery.
  5469 | D:6      | Found a stormy altar of Qazlal.
  5801 | D:6      | Reached skill level 5 in Spellcasting
  6331 | D:6      | Reached skill level 8 in Earth Magic
  6354 | D:6      | Found the +2 ratskin cloak {+Rats rPois rN+ Str-1 Int-1
                  | Dex+1}
  6553 | D:6      | Found a shimmering blue altar of Sif Muna.
  7151 | D:7      | Found an ancient bone altar of Kikubaaqudgha.
  7241 | D:7      | Reached skill level 5 in Stealth
  7242 | D:7      | Reached XP level 10. HP: 54/61 MP: 9/18
  7554 | D:7      | Reached skill level 5 in Invocations
  7612 | D:7      | Found a shadowy altar of Dithmenos.
  8242 | D:8      | Noticed a cyclops
  8256 | D:8      | Killed a cyclops
  8586 | D:8      | Noticed a centaur warrior
  8635 | D:8      | Killed a centaur warrior
  8749 | D:8      | Learned a level 4 spell: Petrify
  8763 | D:8      | Noticed Harold
  8795 | D:8      | Killed Harold
  8795 | D:8      | Reached skill level 9 in Earth Magic
  9392 | D:8      | Reached XP level 11. HP: 61/67 MP: 14/20
  9470 | D:8      | Found a blossoming altar of Fedhas.
  9700 | D:9      | Reached skill level 5 in Armour
 10382 | D:9      | Reached ****** piety under Uskayaw
 10908 | D:10     | Entered Level 10 of the Dungeon
 10937 | D:10     | Reached skill level 5 in Short Blades
 11110 | D:10     | Reached skill level 1 in Transmutations
 11307 | D:10     | Found a flagged portal.
 11316 | Bailey   | Entered a bailey
 12053 | Bailey   | Noticed an orc knight
 12184 | Bailey   | Killed an orc knight
 12472 | D:10     | Killed an unseen horror
 12738 | D:10     | Learned a level 2 spell: Passwall
 12827 | D:10     | Noticed Gastronok
 12982 | D:10     | Killed Gastronok
 13336 | D:11     | Reached XP level 12. HP: 65/75 MP: 3/22
 13336 | D:11     | Reached skill level 10 in Earth Magic
 13591 | D:11     | Found a runed translucent gate.
 13591 | D:11     | Found a runed translucent gate.
 13591 | D:11     | Found a runed translucent gate.
 13593 | D:11     | Noticed Johnny's ghost (journeyman DgEE)
 13770 | D:11     | Found Xutudod's Antique Weapon Emporium.
 13780 | D:11     | Bought a brightly glowing dagger for 238 gold pieces
 13781 | D:11     | Identified the +6 dagger "Wamoleum" {flame, Str+3 Dex-4}
                  | (You bought it in a shop on level 11 of the Dungeon)
 14191 | D:11     | Found a staircase to the Lair.
 14409 | D:11     | Identified the ring "Sienil" {Ice rElec Str-4 Int+3 SInv}
 14702 | Lair:1   | Entered Level 1 of the Lair of Beasts
 15235 | Lair:1   | Found a dark tunnel.
 15245 | Volcano  | Entered a volcano
 15474 | Volcano  | Reached skill level 5 in Dodging
 15474 | Volcano  | Reached skill level 11 in Earth Magic
 15474 | Volcano  | Reached XP level 13. HP: 54/80 MP: 8/24
 17921 | Lair:2   | Reached skill level 10 in Fighting
 17948 | Lair:2   | Got the ring of Iphuja {+Fly}
 17953 | Lair:2   | Identified the ring of Iphuja {+Fly rC+} (You found it on
                  | level 2 of the Lair of Beasts)
 17980 | Lair:2   | Gained mutation: Your large and strong wings let you fly
                  | indefinitely. [Gargoyle growth]
 17980 | Lair:2   | Reached XP level 14. HP: 88/88 MP: 26/26
 17982 | Lair:2   | Reached skill level 12 in Earth Magic
 17982 | Lair:2   | Reached XP level 15. HP: 92/92 MP: 23/28
 18070 | Lair:3   | Learned a level 6 spell: Iron Shot
 18548 | Lair:3   | Reached skill level 10 in Short Blades
 19136 | Lair:4   | Found a staircase to the Shoals.
 19494 | Lair:4   | Found a runed translucent door.
 19500 | Lair:4   | Found a hole to the Spider Nest.
 19546 | Lair:4   | Found a bloodstained altar of Trog.
 19709 | Lair:4   | Noticed Coapp's ghost (journeyman OpTm)
 19719 | Lair:4   | Killed Coapp's ghost
 19728 | Lair:4   | Got a crude dagger
 19732 | Lair:4   | Identified the +7 dagger "Yleetas" {flame, Int+4} (You
                  | found it on level 4 of the Lair of Beasts)
 19881 | Lair:4   | Noticed Rupert
 19901 | Lair:4   | Killed Rupert
 20570 | Lair:5   | Reached skill level 13 in Earth Magic
 20952 | Lair:5   | Found the +8 whip "Snakebite" {curare, rPois}
 21238 | Lair:6   | Entered Level 6 of the Lair of Beasts
 21240 | Lair:6   | Found a viscous altar of Jiyva.
 21240 | Lair:6   | Found a staircase to the Slime Pits.
 21521 | Lair:6   | Reached skill level 5 in Shields
 21521 | Lair:6   | Reached skill level 10 in Spellcasting
 21673 | Lair:6   | Reached XP level 16. HP: 99/99 MP: 16/30
 21961 | Lair:6   | Got a bloodstained short sword
 21967 | Lair:6   | Got a polished scale mail
 21999 | Lair:6   | Identified the +6 scale mail of Resilience {*Drain rF++
                  | SInv} (You found it on level 6 of the Lair of Beasts)
 22270 | Lair:6   | Reached skill level 5 in Conjurations
 23656 | Spider:1 | Entered Level 1 of the Spider Nest
 23664 | Spider:1 | Noticed Azrael
 23830 | Lair:4   | Killed Azrael
 24222 | Spider:1 | Identified the +4 short sword of Impermanence {freeze,
                  | rElec} (You found it on level 6 of the Lair of Beasts)
 24282 | Spider:1 | Noticed Nikola
 24297 | Spider:1 | Killed Nikola
 25298 | Spider:2 | Reached skill level 10 in Invocations
 25335 | Spider:2 | Reached skill level 14 in Earth Magic
 26186 | Spider:2 | Reached XP level 17. HP: 106/106 MP: 26/31
 26515 | Spider:2 | Found a runed translucent door.
 26519 | Spider:2 | Noticed Gall2222's ghost (journeyman TrFi)
 26790 | Spider:2 | Killed Gall2222's ghost
 26842 | Spider:2 | Identified the Tome of Lucky Fire
 26848 | Spider:2 | Learned a level 3 spell: Regeneration
 27552 | Spider:3 | Reached skill level 1 in Charms
 28608 | Spider:4 | Entered Level 4 of the Spider Nest
 28957 | Spider:4 | Noticed Bai Suzhen
 29122 | Spider:4 | HP: 3/106 [Bai Suzhen/torrent of water (9)]
 29125 | Spider:4 | Killed Bai Suzhen
 29931 | Spider:4 | Got a gossamer rune of Zot
 30523 | Shoals:1 | Entered Level 1 of the Shoals
 30942 | Shoals:1 | Reached skill level 15 in Earth Magic
 31102 | Shoals:1 | Reached skill level 10 in Armour
 31727 | Shoals:1 | Reached XP level 18. HP: 113/113 MP: 26/33
 31898 | Shoals:1 | Got a pair of translucent gloves
 31899 | Shoals:1 | Identified the +2 pair of gloves of Deom {rF+ Str+4 Slay-4}
                  | (You found it on level 1 of the Shoals)
 33025 | Shoals:2 | Found Ideyhieg's Book Shop.
 33509 | Shoals:2 | Noticed Ilsuiw
 33509 | Shoals:2 | Noticed Polyphemus
 33527 | Shoals:2 | Killed Ilsuiw
 33541 | Shoals:2 | Killed Polyphemus
 33547 | Shoals:2 | Reached skill level 10 in Shields
 35931 | Shoals:4 | Entered Level 4 of the Shoals
 36435 | Shoals:4 | Found a frozen archway.
 36441 | Shoals:4 | Reached skill level 10 in Conjurations
 36453 | IceCv    | Entered an ice cave
 37244 | IceCv    | Got a steaming dagger
 37245 | IceCv    | Identified the +8 dagger of Precise Incision {venom, rC+
                  | rN+} (You found it in an ice cave)
 37562 | IceCv    | Identified 2 scrolls of acquirement
 38124 | Shoals:4 | Reached XP level 19. HP: 107/120 MP: 4/35
 38377 | Shoals:4 | Got a bloodstained long sword
 38378 | Shoals:4 | Identified the +9 long sword "Osumm" {freeze, Stlth+} (You
                  | found it on level 4 of the Shoals)
 38572 | Shoals:4 | Reached skill level 16 in Earth Magic
 38714 | Shoals:4 | Got a barnacled rune of Zot
 39354 | D:11     | Killed Johnny's ghost
 40130 | D:12     | Found Jabalen's Antique Armour Emporium.
 40134 | D:12     | Bought a crude helmet for 332 gold pieces
 40144 | D:12     | Identified the +2 helmet "Plog" {Dex+3} (You bought it in a
                  | shop on level 12 of the Dungeon)
 40197 | D:12     | Found a staircase to the Orcish Mines.
 41316 | D:13     | Found a transporter.
 41316 | D:13     | Noticed Ahonude's ghost (journeyman TrMo)
 41317 | D:13     | Found a transporter.
 41317 | D:13     | Identified the +10 dire flail of Laceration {crush, +Fly
                  | Dex+3 SInv}
 41521 | D:13     | Killed Ahonude's ghost
 42397 | D:14     | Found a gate to the Vaults.
 42633 | Orc:1    | Entered Level 1 of the Orcish Mines
 42898 | Orc:1    | Noticed Sonja
 42908 | Orc:1    | Killed Sonja
 42982 | Orc:1    | Noticed Maurice
 42990 | Orc:1    | Killed Maurice
 43295 | Orc:2    | Entered Level 2 of the Orcish Mines
 43492 | Orc:2    | Found a roughly hewn altar of Beogh.
 43838 | Orc:2    | Found a staircase to the Elven Halls.
 43884 | Orc:2    | Reached skill level 10 in Stealth
 44480 | Orc:2    | Found Teidar's Antique Armour Shop.
 44495 | Orc:2    | Found Fiodwen's Antique Weapon Shop.
 44495 | Orc:2    | Found Liqyzet's General Store.
 44499 | Orc:2    | Found Jux Zaq's Book Shop.
 44512 | Orc:2    | Bought a book of Spatial Translocations for 1170 gold
                  | pieces
 44518 | Orc:2    | Learned a level 2 spell: Blink
 44521 | Orc:2    | Learned a level 2 spell: Shroud of Golubria
 44567 | Elf:1    | Entered Level 1 of the Elven Halls
 44667 | Elf:1    | Reached XP level 20. HP: 127/127 MP: 1/36
 44936 | Elf:1    | Identified Roxanne's Papyrus of Stones
 44936 | Elf:1    | Noticed Roxanne
 44939 | Elf:1    | Reached skill level 1 in Translocations
 44940 | Elf:1    | Killed Roxanne
 45651 | Elf:1    | Noticed Agnes
 45658 | Elf:1    | Killed Agnes
 45993 | Elf:1    | Identified the Compendium of Talismans
 46188 | Elf:2    | Found Xughitih's General Store.
 46257 | Elf:2    | Found a runed translucent gate.
 46257 | Elf:2    | Found a runed translucent gate.
 46257 | Elf:2    | Found a runed translucent gate.
 46735 | Elf:2    | Reached skill level 17 in Earth Magic
 46771 | Elf:2    | Noticed a Brimstone Fiend
 46791 | Elf:2    | Noticed a Tzitzimitl
 47388 | Elf:2    | Noticed Asterion
 47406 | Elf:2    | Killed Asterion
 48154 | Vaults:1 | Entered Level 1 of the Vaults
 48248 | Vaults:1 | Reached skill level 15 in Fighting
 48629 | Vaults:1 | Reached XP level 21. HP: 68/134 MP: 23/38
 49201 | Vaults:1 | Reached skill level 15 in Shields
 49210 | Vaults:1 | Found a basalt altar of Yredelemnul.
 49438 | Vaults:1 | Learned a level 9 spell: Shatter
 49730 | Vaults:1 | Noticed Donald
 49740 | Vaults:1 | Killed Donald
 50067 | Vaults:2 | Paralysed by a sphinx for 6 turns
 50365 | Vaults:2 | Found a hide-covered altar of Uskayaw.
 51022 | Vaults:2 | Reached skill level 18 in Earth Magic
 51071 | Vaults:2 | Found a staircase to the Crypt.
 51071 | Vaults:2 | Found a basalt altar of Yredelemnul.
 51072 | Vaults:2 | Found an ancient bone altar of Kikubaaqudgha.
 52245 | Vaults:3 | Reached XP level 22. HP: 89/142 MP: 24/40
 52373 | Vaults:3 | Found a flickering gateway to a bazaar.
 52382 | Bazaar   | Entered a bazaar
 52446 | Bazaar   | Found Hison's General Store.
 52449 | Bazaar   | Found Yqocsier's Distillery.
 52450 | Bazaar   | Found Gylenuze's Jewellery Boutique.
 52451 | Bazaar   | Found Qotabe's Weapon Boutique.
 52489 | Bazaar   | Bought the ring of Pilute Cuo {rPois Str+4 Int+3 Stlth+}
                  | for 651 gold pieces
 53858 | Vaults:4 | Found the ring of Phasing {EV+8}
 53892 | Vaults:4 | Reached skill level 15 in Armour
 53952 | Vaults:4 | Reached skill level 19 in Earth Magic
 54578 | Vaults:4 | Paralysed by a great orb of eyes for 4 turns
 54717 | Vaults:4 | Identified the Handbook of Bewitching Transmigration (You
                  | acquired it on level 4 of the Vaults)
 54868 | Vaults:4 | Reached skill level 15 in Spellcasting
 56124 | D:15     | Entered Level 15 of the Dungeon
 56482 | D:15     | Found a staircase to the Depths.
 56487 | D:15     | Reached XP level 23. HP: 149/149 MP: 26/42
 56807 | D:15     | Noticed Jorgrun
 56814 | D:15     | Killed Jorgrun
 56814 | D:15     | Reached skill level 20 in Earth Magic
 57081 | Depths:1 | Entered Level 1 of the Depths
 57099 | Depths:1 | Found Yjesoh's Assorted Antiques.
 57099 | Depths:1 | Found a gateway to Hell.
 57115 | Depths:1 | Found Copsithri's Assorted Antiques.
 57130 | Depths:1 | Bought a scroll of blinking for 255 gold pieces
 57177 | Depths:1 | Found Motaank's Gadget Shoppe.
 57197 | Depths:1 | Noticed the Enchantress
 57571 | D:15     | Killed the Enchantress
 58080 | Depths:1 | Found Dobauts's Magic Scroll Shoppe.
 58094 | Depths:1 | Bought a scroll of acquirement for 832 gold pieces
 58809 | Depths:1 | Found Baetek's Magic Scroll Shop.
 58992 | Depths:1 | Bought a scroll of summoning for 161 gold pieces
 58992 | Depths:1 | Bought a scroll of magic mapping for 59 gold pieces
 59043 | Depths:1 | Found a runed translucent gate.
 59043 | Depths:1 | Found a runed translucent gate.
 59043 | Depths:1 | Found a runed translucent gate.
 59201 | Depths:1 | Reached skill level 21 in Earth Magic
 59232 | Depths:1 | Found a runed translucent gate.
 59232 | Depths:1 | Found a runed translucent gate.
 59233 | Depths:1 | Noticed Lasheajeut's ghost (veteran NaFi)
 59235 | Depths:1 | Found a runed translucent gate.
 59347 | Depths:1 | Gained mutation: You are clumsy. (Dex -2) [a cacodemon]
 59382 | Depths:1 | Killed Lasheajeut's ghost
 59402 | Depths:1 | Got a bloodstained cloak
 59531 | Depths:1 | Identified the +2 cloak of the Alphagorgon {+Inv} (You
                  | found it on level 1 of the Depths)
 59689 | Depths:2 | Paralysed by a floating eye for 2 turns
 59735 | Depths:2 | Identified the ring "Festril" {rC+ Str+2} (You found it on
                  | level 2 of the Depths)
 59949 | Depths:2 | Reached XP level 24. HP: 157/157 MP: 12/42
 60062 | Depths:2 | Paralysed by a floating eye for 3 turns
 60112 | Depths:2 | Noticed Margery
 60120 | Depths:2 | Killed Margery
 60189 | Depths:2 | Identified the +7 chain mail of Devotion {*Drain rPois rN+
                  | Int+4} (You found it on level 2 of the Depths)
 60329 | Depths:2 | Found a snail-covered altar of Cheibriados.
 60379 | Depths:2 | Paralysed by a floating eye for 2 turns
 60492 | Depths:2 | Paralysed by a floating eye for 2 turns
 60689 | Depths:2 | Found a bloodstained altar of Trog.
 60752 | Depths:2 | Identified the ring "Cylivy" {+Inv Int+3}
 61102 | Depths:2 | Noticed a caustic shrike
 61179 | Depths:2 | Noticed a juggernaut
 61189 | Depths:2 | Killed a juggernaut
 61189 | Depths:2 | Reached skill level 22 in Earth Magic
 61215 | Depths:2 | Killed a caustic shrike
 61374 | Depths:2 | Identified the ring of Jievipsi {rCorr Str+4}
 61664 | Depths:3 | Found a gateway to a ziggurat.
 62062 | Depths:3 | Found a one-way gate leading to the halls of Pandemonium.
 62273 | Depths:3 | Identified the Guide on Poison and Unholy Secrets
 62773 | Depths:3 | Found a huge runed gate.
 62773 | Depths:3 | Found a huge runed gate.
 62774 | Depths:3 | Found a huge runed gate.
 62775 | Depths:3 | Found a huge runed gate.
 62775 | Depths:3 | Found a huge runed gate.
 62776 | Depths:3 | Found a huge runed gate.
 62777 | Depths:3 | Found a huge runed gate.
 63226 | Depths:3 | Got a translucent crystal plate armour
 63227 | Depths:3 | Identified the +1 crystal plate armour "Cofufuaph" {-Tele
                  | rCorr Dex+5} (You found it on level 3 of the Depths)
 63425 | Depths:3 | Found a gateway to a bazaar.
 63430 | Bazaar   | Entered a bazaar
 63437 | Bazaar   | Found Bacrezuu's Food Shoppe.
 63441 | Bazaar   | Found Nokos's Food Boutique.
 63447 | Bazaar   | Found Qowietwu's Book Shop.
 63455 | Bazaar   | Found Bujom's Antique Weapon Shop.
 63464 | Bazaar   | Found Acuem's Antique Weapon Shoppe.
 63499 | Bazaar   | Bought a ration for 45 gold pieces
 63499 | Bazaar   | Bought a ration for 45 gold pieces
 63499 | Bazaar   | Bought a ration for 45 gold pieces
 63499 | Bazaar   | Bought a ration for 45 gold pieces
 63499 | Bazaar   | Bought a ration for 45 gold pieces
 63499 | Bazaar   | Bought a ration for 45 gold pieces
 63738 | Depths:4 | Reached XP level 25. HP: 161/164 MP: 20/43
 64179 | Depths:4 | Found Raffogis's Magic Scroll Shoppe.
 64944 | Depths:4 | Found a one-way gate to the infinite horrors of the Abyss.
 65157 | Depths:5 | Entered Level 5 of the Depths
 65177 | Depths:5 | Noticed a juggernaut
 65185 | Depths:5 | Killed a juggernaut
 65198 | Depths:5 | Reached skill level 23 in Earth Magic
 66084 | Depths:5 | Identified the ring of Dawn {rPois rF+ rC- Stlth+}
 66370 | Depths:5 | Found a gate to the Realm of Zot.
 66637 | Depths:5 | Noticed Mennas
 66753 | Depths:5 | Killed Mennas
 67476 | Vaults:5 | Entered Level 5 of the Vaults
 67478 | Vaults:5 | Reached XP level 26. HP: 172/172 MP: 26/44
 67495 | Vaults:5 | Reached skill level 24 in Earth Magic
 67801 | Vaults:5 | Noticed an ancient lich
 67809 | Vaults:5 | Killed an ancient lich
 67959 | Vaults:5 | Identified the ring "Xiangaof" {+Fly rC+++ Str-5 Int+3
                  | Stlth+}
 68246 | Vaults:5 | Reached skill level 25 in Earth Magic
 68248 | Vaults:5 | Reached XP level 27. HP: 153/180 MP: 19/45
 68753 | Vaults:5 | Got a silver rune of Zot
 68758 | Vaults:5 | Identified the +7 chain mail "Wacwua" {Int+3 Dex+4 Slay+3
                  | Stlth-} (You found it on level 5 of the Vaults)
 69458 | Vaults:5 | Got a shimmering hat
 69469 | Vaults:5 | Identified the +0 hat "Nydakeno" {Regen+ Int+4 Slay+2
                  | Stlth-} (You acquired it on level 5 of the Vaults)
 69719 | Hell     | Entered the Vestibule of Hell
 69719 | Hell     | Noticed Geryon
 69719 | Hell     | Noticed Murray
 69723 | Hell     | Killed Murray
 69726 | Hell     | Killed Geryon
 70431 | Hell     | Found a gateway to the decaying netherworld of Tartarus.
 70501 | Hell     | Found a gateway to the freezing wastes of Cocytus.
 70605 | Hell     | Found a gateway to the ashen valley of Gehenna.
 70693 | Hell     | Found a gateway to the Iron City of Dis.
 70974 | Zot:1    | Entered Level 1 of the Realm of Zot
 71339 | Zot:1    | Identified the Almanac of Confrontation and Unholy Arts
 72158 | Zot:1    | Identified the +5 trident "Pugugrio" {flame, Dex+3}
 72603 | Zot:2    | Reached skill level 26 in Earth Magic
 72609 | Zot:2    | Reached skill level 1 in Evocations
 73673 | Zot:2    | Identified the +5 whip "Woaqi" {venom, +Rage rC+}
 74542 | Zot:3    | Identified the cursed +3 trident of the Blowfly {drain,
                  | rN+} (You found it on level 3 of the Realm of Zot)
 74765 | Zot:3    | You are sucked into a shaft and drop 1 floor!
 74922 | Zot:4    | Noticed a juggernaut
 74922 | Zot:4    | a Killer Klown changed into a juggernaut
 74928 | Zot:4    | Killed a juggernaut
 75522 | Zot:4    | Reached skill level 5 in Evocations
 76730 | Zot:4    | Found the +8 Wrath of Trog {antimagic, *Rage}
 76734 | Zot:4    | Found the +8 arc blade {discharge, rElec}
 76792 | Zot:4    | Identified the Disquisition on Companions and Malediction
 77659 | Zot:5    | Entered Level 5 of the Realm of Zot
 77828 | Zot:5    | Reached skill level 5 in Translocations
 78130 | Zot:5    | Reached skill level 10 in Dodging
 78472 | Zot:5    | Noticed an orb of fire
 78472 | Zot:5    | Gained mutation: Armour fits poorly on your strangely
                  | shaped body. [an orb of fire]
 78476 | Zot:5    | Gained mutation: You are dopey. (Int -2) [an orb of fire]
 78482 | Zot:5    | Killed an orb of fire
 78482 | Zot:5    | Reached skill level 27 in Earth Magic
 78639 | Zot:5    | Lost mutation: You are clumsy. (Dex -2) [potion of
                  | mutation]
 78639 | Zot:5    | Lost mutation: You are dopey. (Int -2) [potion of mutation]
 78639 | Zot:5    | Gained mutation: You can translocate small distances at
                  | will. [potion of mutation]
 78639 | Zot:5    | Gained mutation: You passively map a small area around you.
                  | [potion of mutation]
 78639 | Zot:5    | Gained mutation: You are covered in fur. (AC +1) [potion of
                  | mutation]
 78648 | Zot:5    | Noticed an orb of fire
 78655 | Zot:5    | Gained mutation: You are occasionally teleported next to
                  | monsters. [an orb of fire]
 78657 | Zot:5    | Killed an orb of fire
 79131 | Orc:2    | Bought a book of Annihilations for 1987 gold pieces
 79140 | Orc:2    | Learned a level 8 spell: Lehudib's Crystal Spear
 79141 | Orc:2    | Lost mutation: Armour fits poorly on your strangely shaped
                  | body. [potion of mutation]
 79141 | Orc:2    | Lost mutation: You can translocate small distances at will.
                  | [potion of mutation]
 79141 | Orc:2    | Lost mutation: You are occasionally teleported next to
                  | monsters. [potion of mutation]
 79141 | Orc:2    | Gained mutation: You are partially covered in icy blue
                  | scales. (AC +2) [potion of mutation]
 79810 | Zot:5    | Noticed an orb of fire
 79810 | Zot:5    | Gained mutation: Scrolls take you a little longer to read.
                  | [an orb of fire]
 79815 | Zot:5    | Killed an orb of fire
 79827 | Zot:5    | Lost mutation: You are covered in fur. (AC +1) [potion of
                  | mutation]
 79827 | Zot:5    | Lost mutation: You are partially covered in icy blue
                  | scales. (AC +2) [potion of mutation]
 79827 | Zot:5    | Lost mutation: You passively map a small area around you.
                  | [potion of mutation]
 79827 | Zot:5    | Gained mutation: You are clumsy. (Dex -2) [potion of
                  | mutation]
 79827 | Zot:5    | Gained mutation: You have large cloven feet. [potion of
                  | mutation]
 79828 | Zot:5    | Lost mutation: Scrolls take you a little longer to read.
                  | [potion of mutation]
 79828 | Zot:5    | Lost mutation: You are clumsy. (Dex -2) [potion of
                  | mutation]
 79828 | Zot:5    | Gained mutation: Scrolls take you a little longer to read.
                  | [potion of mutation]
 79828 | Zot:5    | Gained mutation: You are agile. (Dex +2) [potion of
                  | mutation]
 79828 | Zot:5    | Gained mutation: You have hoof-like feet. [potion of
                  | mutation]
 79829 | Zot:5    | Lost mutation: Scrolls take you a little longer to read.
                  | [potion of mutation]
 79829 | Zot:5    | Lost mutation: You have hoof-like feet. [potion of
                  | mutation]
 79829 | Zot:5    | Lost mutation: You are agile. (Dex +2) [potion of mutation]
 79829 | Zot:5    | Gained mutation: Your magical capacity is low. (-10% MP)
                  | [potion of mutation]
 79829 | Zot:5    | Gained mutation: You have a pair of small horns on your
                  | head. [potion of mutation]
 79829 | Zot:5    | Gained mutation: You have a pair of horns on your head.
                  | [potion of mutation]
 80915 | Dis:1    | Entered Level 1 of the Iron City of Dis
 82472 | Zig:1    | Entered Level 1 of a ziggurat
 82502 | Zig:2    | Entered Level 2 of a ziggurat
 82530 | Zig:2    | Identified the +2 plate armour of Sin {Int+6} (You found it
                  | on level 2 of a ziggurat)
 82573 | Zig:3    | Entered Level 3 of a ziggurat
 82678 | Zig:4    | Entered Level 4 of a ziggurat
 82792 | Zig:5    | Entered Level 5 of a ziggurat
 82835 | Zig:5    | Identified Giclyaf's Guide on Vitriolic Ice
 82976 | Zig:6    | Entered Level 6 of a ziggurat
 83004 | Zig:6    | Identified the Collected Works on Translocation and Toxins
 83116 | Zig:7    | Entered Level 7 of a ziggurat
 83140 | Zig:7    | Identified the Tome of Burning Transmutation
 83228 | Zig:8    | Entered Level 8 of a ziggurat
 83493 | Zig:9    | Entered Level 9 of a ziggurat
 83501 | Zig:9    | Noticed Daarim the pandemonium lord
 83516 | Zig:9    | Killed Daarim the pandemonium lord
 83516 | Zig:9    | Reached skill level 10 in Translocations
 83537 | Zig:9    | Identified the Papyrus of the Blaze
 83541 | Zig:9    | Identified the +1 rapier of Watchfulness {flame, rF+ Str+4}
                  | (You found it on level 9 of a ziggurat)
 83664 | Zig:10   | Entered Level 10 of a ziggurat
 83674 | Zig:10   | Cast into level 3 of the Abyss (spatial maelstrom)
 83674 | Abyss:3  | Found a corrupted altar of Lugonu.
 83857 | Abyss:3  | Reached skill level 10 in Evocations
 84287 | Zig:10   | Escaped the Abyss
 84295 | Zig:10   | Found the +5 scythe "Finisher" {speed, eviscerate}
 84315 | Zig:10   | Got a flickering lead ring
 84316 | Zig:10   | Identified the ring "Xufoery" {*Contam *Slow rElec Int+8
                  | Dex+3} (You found it on level 10 of a ziggurat)
 84435 | Zig:11   | Entered Level 11 of a ziggurat
 84611 | Zig:11   | Identified the cursed +0 large shield "Qenlymuf" {rN+ MR+
                  | Regen+} (You found it on level 11 of a ziggurat)
 84639 | Zig:12   | Entered Level 12 of a ziggurat
 84671 | Zig:12   | Got a smoking copper ring
 84672 | Zig:12   | Identified the ring "Koemy" {+Fly rPois rF- Str+7 Stlth+}
                  | (You found it on level 12 of a ziggurat)
 84681 | Zig:12   | Identified the Disquisition on Dark Calling
 84785 | Zig:13   | Entered Level 13 of a ziggurat
 84794 | Zig:13   | Gained mutation: Your body sometimes deteriorates upon
                  | taking damage. [a cacodemon]
 84798 | Zig:13   | Noticed Emnuick the pandemonium lord
 84802 | Zig:13   | Killed Emnuick the pandemonium lord
 84803 | Zig:13   | Gained mutation: You tend to lose your temper in combat. [a
                  | cacodemon]
 84803 | Zig:13   | Gained mutation: Your mind is acute. (Int +2) [a cacodemon]
 84807 | Zig:13   | Gained mutation: Your spells are a little easier to cast,
                  | but a little less powerful. [a cacodemon]
 84927 | Zig:13   | Lost mutation: Your body sometimes deteriorates upon taking
                  | damage. [potion of mutation]
 84927 | Zig:13   | Lost mutation: You tend to lose your temper in combat.
                  | [potion of mutation]
 84927 | Zig:13   | Gained mutation: You possess an exceptional clarity of
                  | mind. [potion of mutation]
 84927 | Zig:13   | Gained mutation: You are somewhat resistant to further
                  | mutation. [potion of mutation]
 84938 | Zig:13   | Got a slimy brass amulet
 84939 | Zig:13   | Identified the amulet "Yloahaf" {Spirit rF+ Slay+2} (You
                  | found it on level 13 of a ziggurat)
 84969 | Zig:14   | Entered Level 14 of a ziggurat
 85004 | Zig:14   | Got a shimmering emerald amulet
 85005 | Zig:14   | Identified the amulet of Kunefeno {Spirit rF- Int+5 Dex+4}
                  | (You found it on level 14 of a ziggurat)
 85128 | Zig:15   | Entered Level 15 of a ziggurat
 85214 | Zig:15   | Got an ancient granite ring
 85218 | Zig:15   | Identified the ring of the Endless Gods {Wiz +Blink rElec
                  | MP-9} (You found it on level 15 of a ziggurat)
 85352 | Zig:16   | Entered Level 16 of a ziggurat
 85408 | Zig:16   | Paralysed by a vampire knight for 3 turns
 85602 | Zig:16   | Identified the +4 scale mail "Yleideyne" {Dex+3} (You found
                  | it on level 16 of a ziggurat)
 85613 | Zig:17   | Entered Level 17 of a ziggurat
 85630 | Zig:17   | Noticed a greater mummy
 85631 | Zig:17   | Noticed a greater mummy
 85633 | Zig:17   | Noticed a greater mummy
 85635 | Zig:17   | Noticed a greater mummy
 85635 | Zig:17   | Noticed a greater mummy
 85636 | Zig:17   | Killed a greater mummy
 85636 | Zig:17   | Killed a greater mummy
 85636 | Zig:17   | Killed a greater mummy
 85636 | Zig:17   | Noticed a greater mummy
 85646 | Zig:17   | Identified the Compendium of Black Secrets and Clay
 86175 | Slime:1  | Entered Level 1 of the Pits of Slime
 86602 | Slime:3  | Gained mutation: You occasionally shout uncontrollably at
                  | your foes. [a shining eye]
 86824 | Slime:5  | Entered Level 5 of the Pits of Slime
 87078 | Slime:5  | Noticed the Royal Jelly
 87086 | Slime:5  | Reached skill level 15 in Stealth
 87087 | Slime:5  | Killed the Royal Jelly
 87529 | Slime:5  | Identified the Collected Works on Creation and Hexes
 87533 | Slime:5  | Got a glittering copper ring
 87534 | Slime:5  | Identified the ring of Secrets {MR+ Dex+4} (You found it on
                  | level 5 of the Pits of Slime)
 87542 | Slime:5  | Got a slimy rune of Zot
 87643 | Slime:5  | Identified the +3 scale mail of Gehenna {rPois MR+ Dex+3}
                  | (You found it on level 5 of the Pits of Slime)
 87674 | Slime:5  | Identified the +1 hat of Uxeggyj {rCorr Stlth+} (You
                  | acquired it on level 5 of the Pits of Slime)
 88914 | Zot:5    | Got the Orb of Zot
 89537 | D:2      | Noticed Jasalupt the pandemonium lord
 89576 | D:$      | Escaped with the Orb!

Levels and vault maps discovered:
D:1:      lightli_molten_gateway, layout_loops_ring, roderic_serpentine_path
D:2:      layout_basic, first_ration
D:3:      layout_basic
D:4:      layout_basic, gammafunk_temple_overflow_pools,
          minmay_temple_entry_large_hall, st_stairs_2, kennysheep_small_spiral,
          nicolae_ru_great_annihilating_truth
D:5:      layout_basic, grunt_temple_overflow_holy_war, corexii_checkpoint_a,
          led_xom_imps
D:6:      wander_guarded_unrand_ratskin, layout_layer_cave, old_standard_altar,
          lemuel_blue_sif_altar, serial_shops, shop,
          nicolae_ossuary_entry_catacombs
D:7:      layout_basic, lemuel_round_altar, lemuel_altar_in_water
D:8:      kennysheep_blocky_hall, layout_basic, grunt_pizzeria,
          hangedman_decor_push, fedhas_altar_2, uniq_harold
D:9:      layout_loops_ring
D:10:     layout_irregular_city, enter_bailey_6, uniq_gastronok
D:11:     layout_irregular_city, erik_lair_dragon,
          gammafunk_ghost_nasty_kobolds, serial_shops,
          nicolae_shop_overgrown_old_shop
D:12:     layout_stronghold, orc_0_dummy, serial_shops,
          nicolae_shop_competitors_out_of_business
D:13:     layout_roguey, gammafunk_ghost_smash, minmay_tree_intersection,
          st_stairs_6
D:14:     layout_irregular_city, grunt_vaults_entry_fortified
D:15:     grunt_enter_depths_snipers, layout_basic, small_statue_alley_a,
          uniq_jorgrun
Temple:   regret_index_temple_generic_petals
Lair:1:   layout_layer_cave, nicolae_volcano_entry_lava_flow, grunt_megastairs_2
Lair:2:   statuecave_lemuel, layout_small_grid, serial_bayou_pond_b,
          grunt_megastairs_3
Lair:3:   layout_cave_pods
Lair:4:   layout_roguey, shoals_dummy_entry, dummy_spider_entry,
          ebering_ghost_reflecting_pool, lemuel_centaur_altar,
          grunt_megastairs_5, uniq_rupert
Lair:5:   minmay_guarded_unrand_snakebite, layout_hall_layers
Lair:6:   minmay_lair_end_frog_pond, layout_gridlike,
          dpeg_slime_entry_enclosed_altar
Shoals:1: layout_shoals
Shoals:2: layout_shoals, serial_shops, nicolae_shop_competitors_out_of_business,
          uniq_ilsuiw, uniq_polyphemus
Shoals:3: layout_shoals, nicolae_shoals_loop_pool
Shoals:4: shoals_end_simple, layout_shoals,
          portal_ice_cave_entry_ice_statue_one, kb_tengu_band
Spider:1: layout_spider_delve, nicolae_looking_at_the_future, uniq_nikola,
          uniq_azrael
Spider:2: layout_spider_delve, ebering_ghost_inner_flame
Spider:3: layout_chambers, nicolae_spider_circle_web
Spider:4: spider_rune_water, uniq_bai_suzhen
Slime:1:  layout_caves, cheibrodos_slime_lost_civilization_4
Slime:2:  layout_caves, nicolae_slime_phagocytosis
Slime:3:  layout_caves
Slime:4:  layout_caves
Slime:5
Orc:1:    layout_diamond_mine, uniq_sonja, uniq_maurice
Orc:2:    st_orc_pillars, layout_caves, basic_altar
Elf:1:    eino_elf_arrival_customs, layout_gridlike, hangedman_elf_disciples,
          dk_noncrumbling_2, abandoned_shop, uniq_roxanne, uniq_agnes
Elf:2:    layout_gridlike, serial_shops, nicolae_shop_trees, serial_sigils,
          serial_sigils_hangedman_carve, serial_sigils_hangedman_clutch,
          serial_sigils_hangedman_quiver, serial_sigils_hangedman_shear,
          uniq_asterion
Vaults:1: vaults_mumra_hex, v_alt_pattern_5, v_misc_11, vaults_room_fours,
          nicolae_vaults_asterisk, v_pattern_1, v_misc_10, grunt_vaults_bifocal,
          v_misc_15, vaults_dpeg_cross, vaults_room_pools, vaults_dpeg_doors,
          nicolae_vaults_an_arrangement, v_misc_17, vaults_room_ringed_pool,
          layout_vaults_maze_bifur, serial_glass, basic_altar, uniq_donald
Vaults:2: ontoclasm_vaults_misaligned, minmay_crypt_entry_necro_gods,
          vaults_room_large_hall, nicolae_vaults_network_periphery,
          nicolae_vaults_hallways_thing, ontoclasm_vaults_ring_square,
          nicolae_vaults_theta, layout_vaults_quadrants, basic_altar
Vaults:3: ontoclasm_vaults_ring_large, hangedman_vaults_hat,
          nicolae_vaults_branching_niches, nicolae_vaults_alarming,
          nicolae_vaults_rhombus_7, hangedman_vaults_stitches, v_misc_31,
          nicolae_vaults_little_ls, nicolae_vaults_what_the_h, v_misc_18,
          vaults_room_grid, vaults_room_hallway, vaults_dpeg_hooks,
          layout_vaults_omnibox, serial_shops, bzr_entry_customers
Vaults:4: hangedman_vaults_variations, nicolae_vaults_arrows, st_spiral_rooms,
          nicolae_vaults_twisting_passages, v_pattern_4, v_misc_29,
          vaults_room_hallway, v_misc_5, v_misc_13, nicolae_vaults_shelves_hall,
          ontoclasm_vaults_idyll, layout_vaults_big_room
Vaults:5: serial_shops
Depths:1: layout_cave_shapes, serial_shops, nicolae_shop_stone, shop,
          nicolae_shop_trees, shop, nicolae_shop_waterfront, hell_entry,
          ploomutoo_gammafunk_ghost_potion_laboratory, nicolae_two_hexagons,
          kennysheep_generic_room_14, uniq_enchantress
Depths:2: hangedman_spin_cycle, hell_entry
Depths:3: minmay_the_grid_triangle_9x9_rhombus_thin
          [minmay_the_grid_triangle_9x9_flanged_cone,
          minmay_the_grid_triangle_9x9_prize_insulated,
          minmay_the_grid_triangle_9x9_checkered,
          minmay_the_grid_triangle_9x9_empty], layout_cave_shapes,
          enter_ziggurat_c, lightli_too_deep, rand_demon_pan_entry_4,
          serial_shops, bzr_entry_road, corexii_leaking_fountain, drop_trap,
          not_door_vault_due
Depths:4: kennysheep_oblong_rooms, layout_basic, hangedman_coc_ice_floe,
          minmay_room_of_horrors, serial_shops, shop
Depths:5: evilmike_zot_entry_diamond, layout_cave_shapes, hell_entry,
          grunt_decor_cap, grunt_pan_entry_zigzag, uniq_mennas
Hell
Dis:1:    layout_gridville
Zot:1:    layout_misc_corridors, st_large_dragon_hoard_4
Zot:2:    layout_cathedral_of_symmetry, hangedman_zot_diagonal_lockstep
Zot:3:    layout_basic
Zot:4:    layout_concentric_octagons, st_large_dragon_hoard_2
Zot:5:    layout_basic, lemuel_baited_zot_trap

Skill      XL: |  1  2  3  4  5  6  7  8  9 10 11 12 13 14 15 16 17 18 19 20 21 22 23 24 25 26 27 |
---------------+----------------------------------------------------------------------------------+-----
Fighting       | 1 2 3 4 5 6 7 8 9 10 11 12 13 14 15 16 17 18 19 20 24 | 24.3
Earth Magic    | 4 5 6 7 8 9 11 12 13 14 15 16 17 18 19 21 22 23 25 27 | 27.0
Conjurations   | 1 2 4 7 8 10 12 | 12.2
Armour         | 1 2 3 4 6 7 8 10 11 12 13 14 15 16 17 18 19 23 | 23.5
Spellcasting   | 3 4 5 6 7 8 9 10 11 12 13 14 15 16 17 18 20 | 20.0
Invocations    | 1 3 4 5 6 8 9 10 13 | 13.9
Dodging        | 2 3 4 5 6 13 | 13.7
Stealth        | 3 5 6 7 8 10 16 | 16.0
Short Blades   | 1 2 4 5 7 9 10 14 | 14.0
Transmutations | 1 |  1.0
Shields        | 2 4 5 7 9 11 13 14 15 | 15.0
Charms         | 3 |  3.0
Translocations | 3 12 | 12.8
Evocations     | 10 | 10.0

Action                   |  1- 3 |  4- 6 |  7- 9 | 10-12 | 13-15 | 16-18 | 19-21 | 22-24 | 25-27 || total
-------------------------+-------+-------+-------+-------+-------+-------+-------+-------+-------++-------
Melee: Dagger            |     6 |    71 |   266 |   320 |   330 |  1215 |   625 |       |       ||  2833
       Staff             |       |     8 |       |       |       |       |       |       |       ||     8
       Rapier            |       |       |       |   109 |       |       |       |       |   853 ||   962
       Long sword        |       |       |       |       |       |       |     6 |       |       ||     6
       Quick blade       |       |       |       |       |       |       |  1032 |  1352 |  1897 ||  4281
       Headbutt          |       |       |       |       |       |       |       |       |   195 ||   195
Throw: Stone             |       |       |       |     4 |     1 |       |       |       |       ||     5
       Javelin           |       |       |       |       |       |    31 |    25 |    17 |    14 ||    87
 Cast: Sandblast         |    41 |    47 |    90 |   110 |    33 |   153 |    17 |    18 |     3 ||   512
       Stone Arrow       |       |     7 |    48 |    75 |    91 |   426 |   126 |    37 |    17 ||   827
       Lee's Rapid Decon |       |       |     5 |    63 |    20 |   129 |   189 |   156 |   120 ||   682
       Petrify           |       |       |       |    13 |    27 |    35 |    24 |     1 |    10 ||   110
       Regeneration      |       |       |       |       |       |     1 |     3 |       |     2 ||     6
       Iron Shot         |       |       |       |       |       |       |    39 |   133 |   315 ||   487
       Blink             |       |       |       |       |       |       |     3 |     2 |     2 ||     7
       Shatter           |       |       |       |       |       |       |       |       |   162 ||   162
       Lehudib's Crystal |       |       |       |       |       |       |       |       |     4 ||     4
Invok: Line Pass         |       |       |       |     2 |       |     1 |       |     1 |       ||     4
       Grand Finale      |       |       |       |       |       |     2 |     2 |     6 |     6 ||    16
 Abil: Fly               |       |       |       |       |     1 |       |       |       |       ||     1
Evoke: Wand              |       |       |       |       |     2 |    33 |     5 |     1 |       ||    41
       Staff of energy   |       |       |       |       |       |       |       |       |     7 ||     7
       Lamp of fire      |       |       |       |       |       |       |       |       |     1 ||     1
       Horn of Geryon    |       |       |       |       |       |       |       |       |     1 ||     1
       Crystal ball of e |       |       |       |       |       |       |       |       |     1 ||     1
  Use: Scroll            |     6 |       |    10 |    12 |     9 |    12 |    13 |    13 |    40 ||   115
       Potion            |       |       |       |     2 |     6 |     4 |     6 |     5 |    24 ||    47
 Stab: Paralysed         |       |       |     7 |    25 |    22 |   109 |   120 |   103 |   269 ||   655
       Sleeping          |       |       |     5 |    18 |    22 |    10 |    34 |    18 |     5 ||   112
       Petrified         |       |       |       |     4 |    25 |    34 |    23 |       |     8 ||    94
       Petrifying        |       |       |       |       |     3 |     3 |     4 |     1 |       ||    11
       Distracted        |       |       |       |       |       |     1 |     1 |     1 |     4 ||     7
       Held in net/web   |       |       |       |       |       |     1 |       |       |       ||     1
       Confused          |       |       |       |       |       |       |     3 |     2 |       ||     5
  Eat: Chunk             |     1 |     6 |    29 |    34 |    13 |    36 |    55 |    46 |    46 ||   266
       Ration            |       |       |     1 |     3 |     3 |     9 |     3 |     3 |    28 ||    50
Armor: Robe              |     7 |    20 |       |       |       |       |       |       |       ||    27
       Leather armour    |       |    21 |   107 |    46 |       |       |       |       |       ||   174
       Ring mail         |       |       |       |   201 |   155 |    14 |       |       |       ||   370
       Scale mail        |       |       |       |       |       |   921 |   576 |   253 |   816 ||  2566
Dodge: Dodged            |    21 |    48 |   140 |   219 |   114 |   530 |   392 |   341 |  1114 ||  2919
Block: Buckler           |       |       |       |    60 |    85 |   131 |       |       |       ||   276
       Shield            |       |       |       |       |       |   506 |   619 |   372 |  1212 ||  2709
       Reflection        |       |       |       |       |       |       |     7 |    35 |    36 ||    78
